 Dungeon Crawl Stone Soup version 0.18.1-50-g88ac8fd (webtiles) character file.

15029 magog001 the Cleaver (level 11, -16/97 HPs)
             Began as a Demonspawn Gladiator on Dec 15, 2016.
             Demolished by Rupert
             ... wielding a +0 great mace of holy wrath
              (31 damage)
             ... on level 12 of the Dungeon on Dec 16, 2016.
             The game lasted 01:16:10 (11807 turns).

magog001 the Cleaver (Demonspawn Gladiator)        Turns: 11807, Time: 01:16:11

Health: -16/97     AC: 17    Str: 22    XL:     11   Next: 96%
Magic:  11/11      EV: 15    Int: 10    God:
Gold:   587        SH:  0    Dex: 13    Spells: 0 memorised, 10 levels left

rFire  . . .     SeeInvis +     b - +6 broad axe "Gumuhav" {distort, *Drain rPois rN+ MR+}
rCold  . . .     Gourm    .     H - +1 chain mail of the Lost Nights {+Blink rElec Str-2 Stlth+}
rNeg   + . .     Faith    .     (no shield)
rPois  +         Spirit   .     c - +0 helmet
rElec  +         Dismiss  .     m - +2 cloak
rCorr  .         Reflect  .     (gloves unavailable)
SustAt .         Harm     .     K - +1 pair of boots
MR     +....                    (no amulet)
Stlth  ++........               L - ring of stealth
                                N - ring of see invisible

@: mighty, studying Bows, somewhat resistant to hostile enchantments, unstealthy
A: claws 3, repulsion field 2, blurry vision 1, powered by death 2, robust 1,
screaming 1, electricity resistance, subdued magic 1
a: Evoke Blink


You were on level 12 of the Dungeon.
You were not hungry.

You visited 1 branch of the dungeon, and saw 12 of its levels.

You collected 784 gold pieces.
You spent 197 gold pieces at shops.

Inventory:

Hand Weapons
 a - a +1 war axe
 b - the +6 broad axe "Gumuhav" (weapon) {distort, *Drain rPois rN+ MR+}
   (You found it on level 4 of the Dungeon)

   It warps and distorts space around it.
   Unwielding it can cause banishment or high damage.
   It protects you from poison.
   It protects you from negative energy.
   It affects your resistance to hostile enchantments.
   It causes draining when unequipped.
Missiles
 d - 3 throwing nets
 f - 67 poisoned needles
 t - 5 tomahawks (quivered)
Armour
 c - a +0 helmet (worn)
 m - a +2 cloak (worn)
 H - the +1 chain mail of the Lost Nights (worn) {+Blink rElec Str-2 Stlth+}
   (You found it on level 10 of the Dungeon)

   It affects your strength (-2).
   It insulates you from electricity.
   It lets you blink.
   It makes you more stealthy.
 K - a +1 pair of boots (worn)
Jewellery
 g - a +4 ring of dexterity
 L - a ring of stealth (right claw)
 N - a ring of see invisible (left claw)
Wands
 p - a wand of confusion (23/48)
 u - a wand of random effects (20/48)
 x - a wand of lightning (7/15)
 C - a wand of confusion (24/48)
 M - a wand of confusion (37/48)
Scrolls
 e - 5 scrolls of remove curse
 i - 2 scrolls of magic mapping
 k - 2 scrolls of identify
 n - a scroll of fear
 o - a scroll of recharging
 r - 2 scrolls of fog
 w - a scroll of immolation
 y - a scroll of acquirement {unknown}
 B - a scroll of random uselessness {unknown}
 F - 2 scrolls of teleportation
 I - a scroll of noise {unknown}
Potions
 l - 2 potions of berserk rage
 s - a potion of cure mutation
 v - a potion of brilliance
 A - 4 potions of magic
 D - 3 potions of flight
 G - a potion of haste
 P - a potion of degeneration {unknown}
Books
 Q - a manual of Bows
Miscellaneous
 J - a stone of tremors
Comestibles
 h - 5 bread rations
 j - 16 fruits
 q - 7 meat rations
 R - 4 chunks of flesh
 S - a royal jelly


   Skills:
 * Level 9.4 Fighting
 * Level 10.1 Axes
 * Level 6.6 Throwing
 + Level 5.5 Armour
 * Level 8.8 Dodging
 * Level 4.0 Stealth
 + Level 1.0 Evocations


You had 10 spell levels left.
You didn't know any spells.

Dungeon Overview and Level Annotations

Branches:
Dungeon (12/15)            Temple (0/1) D:4            Lair (0/8) D:8
    Orc (0/2) D:12

Altars:
Dithmenos
Elyvilon
Gozag
Kikubaaqudgha
Makhleb
Qazlal
Sif Muna
Yredelemnul
The Shining One

Shops:
D:4 *![*[   D:6 ?   D:11 (

Annotations:
D:12 Rupert
Abyss:1 Erolcha, Snorg


Innate Abilities, Weirdness & Mutations

You have claws for hands.
You are surrounded by a moderate repulsion field (EV +3).
You regenerate health from kills.
Scrolls take you a little longer to read.
You are robust (+10% HP).
You occasionally shout uncontrollably at your foes.
You are resistant to electric shocks.
Your spells are a little easier to cast, but a little less powerful.


Message History

Rupert goes berserk!
You slash Rupert!
Space bends around Rupert.
Rupert is heavily wounded.
Rupert hits you with a great mace of holy wrath!
You convulse.
You barely miss Rupert.
Rupert is heavily wounded.
Rupert hits you with a great mace of holy wrath!!
You convulse!!
* * * LOW HITPOINT WARNING * * *
Drink which item? (? for menu, Esc to quit)
You feel very mighty all of a sudden.
Rupert hits you with a great mace of holy wrath!!
* * * LOW HITPOINT WARNING * * *
You convulse.
* * * LOW HITPOINT WARNING * * *
Drink which item? (? for menu, Esc to quit)
You feel better.
Rupert hits you with a great mace of holy wrath!!
You die...

...#....'. #.# #)##....#
#.# . ........#
#.#####+#..
).......######..........
........................
........................
..................#####
................@.#
########..#####.@.# #
#..# #...+ # #..# #...#
# #..# #...# # #..#
#...# #### #.... ######


You could see Rupert (berserk).

Vanquished Creatures
  5 hill giants
  Pikel (D:4)
  A centaur zombie (D:12)
  A manticore (D:11)
  4 trolls
  A two-headed ogre (D:8)
  3 slime creatures (D:12)
  Sigmund (D:6)
  A vampire (D:12)
  A basilisk (D:12)
  2 yaks (D:11)
  A steam dragon (D:11)
  A hippogriff (D:9)
  Menkaure (D:6)
  3 vampire mosquitoes (D:12)
  A soldier ant (D:10)
  Edmund (D:5)
  3 orc warriors
  2 black bears (D:7)
  4 phantoms
  3 sky beasts
  2 ice beasts
  7 ogres
  3 centaurs
  A crocodile (D:8)
  Blork the orc (D:6)
  3 big kobolds (D:12)
  9 giant frogs
  A gnoll sergeant (D:12)
  2 scorpions
  8 killer bees
  8 howler monkeys
  2 giant frog zombies
  A crimson imp (D:11)
  A quasit (D:8)
  5 hounds
  A gnoll shaman (D:9)
  3 giant frog skeletons
  7 orc priests
  A centaur skeleton (D:10)
  2 iguanas
  12 orc wizards
  4 worker ants
  A hound zombie (D:6)
  3 hound skeletons
  A worker ant zombie (D:11)
  12 adders
  12 gnolls
  6 shadow imps
  2 adder skeletons
  3 worms
  4 giant geckos
  30 orcs
  7 bats
  14 giant cockroaches
  4 goblins
  9 hobgoblins
  12 jackals
  6 kobolds
  4 quokkas
  A giant gecko zombie (D:6)
  7 giant newts
  A jackal zombie (D:9)
  8 rats
  7 fungi (D:8)
  2 plants (D:8)
281 creatures vanquished.

Vanquished Creatures (others)
  A hydra (D:12)
  An ugly thing (D:11)
  A cyclops (D:11)
  A troll (D:9)
  A slime creature (D:12)
  A yak (D:11)
  A hippogriff (D:11)
  A slave (D:4)
  A sky beast (D:10)
  A big kobold (D:12)
  A giant frog (D:8)
  A scorpion (D:10)
  A jelly (D:5)
  An orc wizard (D:5)
  A worker ant zombie (D:5)
  An adder (D:5)
  2 fungi (D:8)
  A plant (D:8)
  4 toadstools (D:1)
23 creatures vanquished.

Grand Total: 304 creatures vanquished

Notes
Turn   | Place    | Note
--------------------------------------------------------------
     0 | D:1      | magog001 the Demonspawn Gladiator began the quest for the Orb.
     0 | D:1      | Reached XP level 1. HP: 16/16 MP: 1/1
   476 | D:1      | Gained mutation: You are surrounded by a mild repulsion field (EV +2). [demonic ancestry]
   476 | D:1      | Reached XP level 2. HP: 22/22 MP: 2/2
   607 | D:1      | Reached skill level 3 in Axes
  1208 | D:2      | Reached XP level 3. HP: 27/27 MP: 3/3
  1509 | D:2      | Gained mutation: You have sharp fingernails. [demonic ancestry]
  1509 | D:2      | Reached XP level 4. HP: 10/33 MP: 4/4
  1897 | D:2      | Found an ancient bone altar of Kikubaaqudgha.
  2952 | D:3      | Gained mutation: You have very sharp fingernails. [demonic ancestry]
  2952 | D:3      | Reached XP level 5. HP: 38/40 MP: 5/5
  3382 | D:4      | Found a staircase to the Ecumenical Temple.
  3383 | D:4      | Noticed an ogre
  3388 | D:4      | Killed an ogre
  3388 | D:4      | Reached skill level 1 in Armour
  3533 | D:4      | Got an encrusted broad axe
  3534 | D:4      | Identified the +6 broad axe "Gumuhav" {distort, *Drain rPois rN+ MR+} (You found it on level 4 of the Dungeon)
  3544 | D:4      | Found Wobbuq's Assorted Antiques.
  3553 | D:4      | Bought a scroll labeled NISUEM XUPE for 23 gold pieces
  3553 | D:4      | Bought a smoky puce potion for 20 gold pieces
  3553 | D:4      | Bought a fuming grey potion for 20 gold pieces
  3556 | D:4      | Gained mutation: Your spells are a little easier to cast, but a little less powerful. [potion of mutation]
  3556 | D:4      | Gained mutation: You are resistant to electric shocks. [potion of mutation]
  3556 | D:4      | Gained mutation: Scrolls take you a little longer to read. [potion of mutation]
  3595 | D:4      | Found an opulent altar of Gozag.
  3683 | D:4      | Found Fefradoe's Armour Shop.
  3701 | D:4      | Found Ciuptirr's Assorted Antiques.
  3737 | D:4      | Found a burning altar of Makhleb.
  3739 | D:4      | Found Wezxoasoa's Distillery.
  3742 | D:4      | Bought a potion of curing for 30 gold pieces
  3948 | D:4      | Gained mutation: You regenerate a little health from kills. [demonic ancestry]
  3948 | D:4      | Reached XP level 6. HP: 47/47 MP: 6/6
  3958 | D:4      | Found Nuwaqiv's Armour Boutique.
  4037 | D:4      | Found a basalt altar of Yredelemnul.
  4417 | D:4      | Reached skill level 4 in Axes
  4572 | D:5      | Entered Level 5 of the Dungeon
  4572 | D:5      | Noticed a slave
  4572 | D:5      | Noticed a slave
  4572 | D:5      | Noticed a slave
  4572 | D:5      | Noticed a slave
  4573 | D:5      | Noticed Pikel
  4577 | D:4      | Banished a slave
  4589 | D:4      | Killed Pikel
  4589 | D:4      | Reached skill level 5 in Dodging
  4589 | D:4      | Gained mutation: You regenerate health from kills. [demonic ancestry]
  4589 | D:4      | Reached XP level 7. HP: 39/53 MP: 7/7
  4783 | D:5      | Noticed Blork the orc
  4946 | D:5      | Reached skill level 5 in Axes
  5002 | D:5      | Gained mutation: You have claws for hands. [demonic ancestry]
  5002 | D:5      | Reached XP level 8. HP: 60/60 MP: 8/8
  5028 | D:5      | Noticed Edmund
  5148 | D:5      | Killed Edmund
  5312 | D:6      | Noticed Menkaure
  5317 | D:6      | Killed Menkaure
  5379 | D:6      | Found Qazuon's Magic Scroll Shoppe.
  5387 | D:6      | Bought a scroll of identify for 22 gold pieces
  5387 | D:6      | Bought a scroll of identify for 22 gold pieces
  5387 | D:6      | Bought a scroll of identify for 22 gold pieces
  5438 | D:6      | Found a white marble altar of Elyvilon.
  5469 | D:6      | Noticed Sigmund
  5475 | D:6      | Killed Sigmund
  5475 | D:6      | Reached skill level 5 in Fighting
  5539 | D:6      | Found a glowing golden altar of the Shining One.
  5675 | D:6      | Killed Blork the orc
  5675 | D:6      | Reached skill level 6 in Axes
  5851 | D:6      | Reached XP level 9. HP: 68/68 MP: 9/9
  5938 | D:6      | Reached skill level 1 in Stealth
  6114 | D:6      | Bought a scroll of magic mapping for 38 gold pieces
  6697 | D:7      | Found a stormy altar of Qazlal.
  6699 | D:7      | Found a deep blue altar of Sif Muna.
  7120 | D:8      | Found an opulent altar of Gozag.
  7231 | D:8      | Found a staircase to the Lair.
  7368 | D:8      | Reached skill level 7 in Axes
  7548 | D:9      | Gained mutation: You occasionally shout uncontrollably at your foes. [potion of mutation]
  7548 | D:9      | Gained mutation: You are robust (+10% HP). [potion of mutation]
  7810 | D:9      | Got a heavily jewelled robe
  7821 | D:9      | Identified the +0 robe of Dithmenos's Generosity {rN+} (You found it on level 9 of the Dungeon)
  7866 | D:9      | Noticed a troll
  7869 | D:9      | Banished a troll
  7869 | D:9      | Gained mutation: You are surrounded by a moderate repulsion field (EV +3). [demonic ancestry]
  7869 | D:9      | Reached XP level 10. HP: 84/84 MP: 10/10
  8268 | D:10     | Entered Level 10 of the Dungeon
  8355 | D:10     | Got a slimy chain mail
  8392 | D:10     | Identified the +1 chain mail of the Lost Nights {+Blink rElec Str-2 Stlth+} (You found it on level 10 of the Dungeon)
  8472 | D:10     | Reached skill level 5 in Throwing
  8516 | D:10     | Noticed a hill giant
  8527 | D:10     | Killed a hill giant
  8588 | D:10     | Noticed a hill giant
  8616 | D:10     | Killed a hill giant
  8616 | D:10     | Reached skill level 8 in Axes
  8674 | D:10     | Noticed a hill giant
  8683 | D:10     | Killed a hill giant
  9285 | D:11     | Noticed a green ugly thing
  9291 | D:11     | Banished a green ugly thing
  9306 | D:11     | Noticed a manticore
  9322 | D:11     | Killed a manticore
  9659 | D:11     | Noticed a hill giant
  9666 | D:11     | Killed a hill giant
  9666 | D:11     | Reached XP level 11. HP: 80/94 MP: 11/11
  9678 | D:11     | Got an ichor-stained trident
  9760 | D:11     | Identified the +5 trident of Lemucy {drain, rC+ rN+ Int+2 Dex-2} (You found it on level 11 of the Dungeon)
 10133 | D:11     | Found Tejachix's Weapon Shoppe.
 10151 | D:11     | Reached skill level 9 in Axes
 10599 | D:12     | Noticed Snorg
 10607 | D:12     | Banished Snorg
 10750 | D:12     | Noticed Erolcha
 10802 | D:12     | Banished Erolcha
 10820 | D:12     | Noticed a seven-headed hydra
 11109 | D:12     | Banished an 11-headed hydra
 11109 | D:12     | Reached skill level 5 in Armour
 11378 | D:12     | Reached skill level 1 in Evocations
 11433 | D:12     | Noticed a hill giant
 11441 | D:12     | Found a staircase to the Orcish Mines.
 11451 | D:12     | Killed a hill giant
 11646 | D:12     | Found a shadowy altar of Dithmenos.
 11666 | D:12     | Reached skill level 10 in Axes
 11669 | D:12     | HP: 4/97 [large slime creature (32)]
 11795 | D:12     | Noticed Rupert
 11800 | D:12     | Paralysed by Rupert for 2 turns
 11807 | D:12     | Demolished by Rupert

Skill      XL: |  1  2  3  4  5  6  7  8  9 10 11 |
---------------+----------------------------------+-----
Dodging        | 3 4 5 6 7 8 |  8.8
Axes           | 3 4 5 6 7 8 10 | 10.1
Throwing       | 2 3 4 5 6 |  6.6
Fighting       | 3 4 5 6 8 9 |  9.4
Armour         | 1 2 3 4 5 |  5.5
Stealth        | 1 2 4 |  4.0
Evocations     | 1 |  1.0

Action                   |  1- 3 |  4- 6 |  7- 9 | 10-12 || total
-------------------------+-------+-------+-------+-------++-------
Melee: War axe           |    93 |   119 |       |       ||   212
       Broad axe         |       |    56 |   289 |   364 ||   709
Throw: Throwing net      |     2 |     1 |       |     1 ||     4
 Abil: Evoke Blink       |       |       |       |     1 ||     1
Evoke: Wand              |       |       |     2 |    12 ||    14
       Stone of tremors  |       |       |       |     1 ||     1
  Use: Potion            |     4 |     9 |     3 |     5 ||    21
       Scroll            |       |     8 |     8 |     4 ||    20
 Stab: Distracted        |       |       |     1 |       ||     1
       Sleeping          |       |       |     1 |     1 ||     2
  Eat: Bread ration      |     1 |       |       |     1 ||     2
       Chunk             |       |     2 |     5 |     6 ||    13
       Pizza             |       |     1 |       |       ||     1
       Meat ration       |       |     1 |     1 |     1 ||     3
Armor: Leather armour    |    27 |    13 |       |       ||    40
       Ring mail         |       |    26 |    99 |    12 ||   137
       Skin              |       |    16 |       |       ||    16
       Chain mail        |       |       |       |   151 ||   151
Dodge: Dodged            |   100 |   162 |   271 |   297 ||   830
